 Dungeon Crawl Stone Soup version 0.17-a0-2073-gde5cdba (webtiles) character file.

23 Jackolantern the Stinger (level 2, -2/22 HPs)
             Began as a Centaur Venom Mage on Oct 16, 2015.
             Slain by a quokka (4 damage)
             ... on level 2 of the Dungeon.
             The game lasted 00:03:26 (724 turns).

Jackolantern the Stinger (Centaur Venom Mage)        Turns: 724, Time: 00:03:26

Health: -2/22      AC:  3    Str: 10    XL:     2   Next: 75%
Magic:  2/4        EV:  9    Int: 14    God:
Gold:   56         SH:  0    Dex:  9    Spells: 1 memorised, 3 levels left

rFire  . . .     SeeInvis .     (no weapon)
rCold  . . .     Clarity  .     (no armour)
rNeg   . . .     SustAt   .     (no shield)
rPois  .         Gourm    .     (no helmet)
rElec  .         Spirit   .     (no cloak)
rCorr  .         Warding  .     (no gloves)
rMut   .         Stasis   .     (no barding)
MR     .....                    (no amulet)
Stlth  +.........               (no ring)
                                (no ring)

@: very quick, not resistant to hostile enchantments, very unstealthy
A: hooves 3, deformed body, speed 2, tough skin 3
a: no special abilities


You were on level 2 of the Dungeon.
You were not hungry.

You visited 1 branch of the dungeon, and saw 2 of its levels.

You collected 56 gold pieces.

Inventory:

Scrolls
 f - a scroll of fog {unknown}
 h - a scroll of enchant armour {unknown}
Potions
 d - a potion of brilliance {unknown}
 e - a potion of degeneration {unknown}
Books
 b - a Young Poisoner's Handbook

   Spells                             Type                      Level
   a - Sting                          Conjuration/Poison           1
   b - Cure Poison                    Poison                       2
   c - Mephitic Cloud                 Conjuration/Poison/Air       3
   d - Olgreb's Toxic Radiance        Poison                       4
   e - Venom Bolt                     Conjuration/Poison           5
Comestibles
 c - a bread ration


   Skills:
 + Level 0.8 Fighting
   Level 0.1 Short Blades
 - Level 1.3 Dodging
 + Level 1.6 Stealth
 + Level 1.7 Spellcasting
 + Level 3.5 Poison Magic


You had 3 spell levels left.
You knew the following spells:

 Your Spells              Type           Power        Failure   Level  Hunger
a - Sting                 Conj/Pois      #...         14%         1    ##.....


Dungeon Overview and Level Annotations

Branches:
Dungeon (2/15)

Altars:

Annotations:
D:2 Natasha


Innate Abilities, Weirdness & Mutations

You have hooves in place of feet.
Armour fits poorly on your strangely shaped body.
You cover ground very quickly.
You have extremely tough skin (AC +3).


Message History

Aiming: Sting
Press: ? - help, Shift-Dir - straight line, f/p - kobold
Aim: a kobold, wielding a short sword and wearing a ring mail (heavily wounded)
The sting hits the kobold.
The kobold appears unharmed.
The kobold is heavily wounded.
The quokka closely misses you.
You hit the quokka but do no damage. The quokka bites you.
* * * LOW HITPOINT WARNING * * *
You barely miss the quokka. The quokka misses you. The quokka bites you.
* * * LOW HITPOINT WARNING * * *
You hit the quokka but do no damage. You kick the quokka, but do no damage.
The jackal bites you but does no damage.
The quokka bites you.
* * * LOW HITPOINT WARNING * * *
The jackal bites you but does no damage.
You hit the quokka but do no damage. Your kick misses the quokka.
The jackal bites you.
* * * LOW HITPOINT WARNING * * *
The quokka bites you.
You die...

#†# #.# ####### #.###########
#.....#########l..........#
####.........)...#...........#
..........######.#K.<........+
..........# #.#h..........#.#
.........## ###r#..####.......#
#####+########..@#..####.#######
........h.......########
.....##+#######.#....... ###..
#....##### ## #....'....
#....##### #.......<# #..#######
#... ...


You could see a quokka and a jackal.

Vanquished Creatures
  An adder (D:2)
  2 giant geckos (D:2)
  A giant cockroach (D:2)
  A hobgoblin (D:2)
  A jackal (D:2)
  A giant newt (D:1)
  2 goblins (D:1)
  2 kobolds
  A rat (D:1)
12 creatures vanquished.

Notes
Turn   | Place    | Note
--------------------------------------------------------------
     0 | D:1      | Jackolantern the Centaur Venom Mage began the quest for the Orb.
     0 | D:1      | Reached XP level 1. HP: 14/14 MP: 3/3
   353 | D:2      | Noticed Natasha
   368 | D:2      | Noticed a crimson imp
   371 | D:2      | Noticed an iron imp
   489 | D:2      | Reached XP level 2. HP: 7/22 MP: 1/4
   724 | D:2      | Slain by a quokka

Vault maps used:
D:1:      dpeg_arrival_tiny_a
D:2:      minivault_26, minivault_25, grunt_ministairs_1, uniq_jessica,
          uniq_natasha

Action                   || total
-------------------------++-------
Melee: Unarmed           ||    21
 Cast: Sting             ||    29
